AoeStats
← MattAtArms

Arabia

504743186Analyzed
1v1 RM · 27d ago on Sep 6, 2026· 22m 4s· 2 players
Game mode
Random Map
Map size
Tiny (2 player)
Population
200
Speed
Normal
Resources
Standard
Victory
Conquest
Starting age
Dark Age
Ending age
Imperial Age
RankedLock teamsTeams togetherTeam positionsShared explorationLock speedFull tech treeHidden civsTurbo modeCheats
Victory
Defeat
🇭🇰 Burgundians · Hong Kong SAR China
1954
+15
🇬🇧 Magyars · United Kingdom
1929
-15
MattAtArms
8:31 Feudal Age
9:21 Double-Bit Axe
10:01 Loom
16:11 Fletching
22:06 Castle Age
20:07 Gold Mining
20:18 Padded Archer Armor
-GNG-OverHabit
4:50 Double-Bit Axe
7:03 Loom
9:24 Feudal Age
10:18 Bow Saw
14:27 Horse Collar
19:34 Castle Age
18:03 Fletching
20:12 Bodkin Arrow
19:50 Crossbowman
22:15 Ballistics
Connection lost

Rejoining the realm…

Still unreachable

The connection could not be restored.

Session expired

The server has moved on; the page needs a fresh start.